 Dungeon Crawl Stone Soup version 0.28-a0-1616-g050a50673c (webtiles) character file.

Game seed: 721394300698143487

121 oldriver the Stinger (level 5, -5/45 HPs)
             Began as a Naga Venom Mage on Jan 22, 2022.
             Killed from afar by Natasha (8 damage)
             ... with a magic dart
             ... on level 2 of the Dungeon.
             The game lasted 00:03:00 (2234 turns).

oldriver the Stinger (Naga Venom Mage)              Turns: 2234, Time: 00:03:01

Health: -5/45      AC:  3    Str: 10    XL:     5   Next: 5%
Magic:  4/9        EV: 10    Int: 17    God:
Gold:   27         SH:  0    Dex: 12    Spells: 6/9 levels left

rFire   . . .      SeeInvis +   b - +0 short sword (speed)
rCold   . . .      Faith    .   (no shield)
rNeg    . . .      Spirit   .   a - +0 robe
rPois   +          Reflect  .   e - +0 helmet
rElec   .          Harm     .   (no cloak)
rCorr   .          Rampage  .   (no gloves)
Will    .....                   (no barding)
Stlth   +++.......              (no amulet)
HPRegen 0.15/turn               (no ring)
MPRegen 0.11/turn               (no ring)

@: very slow
A: AC +1, large, see invisible, deformed body, poison resistance, slowness 2,
spit poison 1, naga tail 1
a: Spit Poison


You were on level 2 of the Dungeon.
You visited 1 branch of the dungeon, and saw 2 of its levels.

You collected 49 gold pieces.
You spent 22 gold pieces at shops.

Inventory:

Hand Weapons
 b - a +0 short sword of speed (weapon)
Armour
 a - a +0 robe (worn)
 e - a +0 helmet (worn)
Scrolls
 g - a scroll of identify
 i - 2 scrolls of fear {unknown}
 j - a scroll of enchant weapon {unknown}
Potions
 c - a potion of haste {unknown}
 d - a potion of curing
 f - a potion of lignification
 h - a potion of resistance {unknown}


   Skills:
 + Level 1.9 Fighting
 - Level 2.0 Dodging
 + Level 4.5 Stealth
 + Level 2.8 Spellcasting
 - Level 1.0 Transmutations
 + Level 4.9 Poison Magic


You had 6 spell levels left.
You knew the following spells:

 Your Spells              Type           Power      Damage    Failure   Level
a - Sting                 Tmut/Pois      48%        1d5       5%          1
b - Poisonous Vapours     Pois/Air       20%        N/A       10%         2

Your spell library contained the following spells:

 Spells                   Type           Power      Damage    Failure   Level
 Olgreb's Toxic Radiance  Pois           19%        N/A       24%         4
 Mephitic Cloud           Conj/Pois/Air  8%         N/A       26%         3


Dungeon Overview and Level Annotations

Branches:
Dungeon (2/15)

Altars:
Gozag

Shops:
D:1 *

Annotations:
D:2 Natasha


Innate Abilities, Weirdness & Mutations

Your serpentine skin is tough. (AC +1)
You have supernaturally acute eyesight. (SInv)
Armour fits poorly on your strangely shaped body.
Your system is resistant to poisons. (rPois)
You cover ground very slowly.
You can spit poison.
You have a snake-like lower body.


Message History

Terence is poisoned.
Terence closely misses you.
The sting hits Terence but does no damage.
Terence looks even sicker.
Terence hits you with a +0 flail!
Natasha growls.
The sting hits Terence.
Terence looks even sicker.
Terence is moderately wounded.
Terence hits you with a +0 flail.
Natasha mumbles some strange words.
Terence barely misses you.
Natasha wildly gestures.
Natasha shimmers violently.
The crimson imp blinks!
The sting hits Terence.
Terence looks even sicker.
Terence is heavily wounded.
Terence closely misses you.
The sting hits Terence but does no damage.
Terence looks as sick as possible!
Terence is heavily wounded.
Terence drinks a potion.
Terence is healed!
Terence hits you with a +0 flail! Terence hits you with a +0 flail.
* * * LOW HITPOINT WARNING * * *
There is a stone staircase leading down, spattered with blood here.
You completely miss Terence.
Terence is almost dead.
Natasha barely misses you. Terence hits you with a +0 flail.
* * * LOW HITPOINT WARNING * * *
Unknown command.
You hit Terence.
Terence is almost dead.
Natasha claws you.
* * * LOW HITPOINT WARNING * * *
Unknown command.
Terence hits you with a +0 flail.
* * * LOW HITPOINT WARNING * * *
There is a stone staircase leading up here.
You kill Terence!
Natasha casts a spell at you. The magic dart hits you!
You die...

......#### ###.# #....####
##...# ####g...# ###..#
####.# ###.÷.## ####
#5#####...### ##...
#..#....### ##.... ##gh.####
#..... ###>...########.....
#..@.#.......>......
#.###...###.........
###.###.......###.....
####...............##....
#####.......######.###.......
###.....#..#### #...###)≈...
#.......#.## ###..##.≈≈≈≈
##...[_..#.# ##.##≈≈♣♣♣
##..#.......# #....≈♣ ♣


You could see Natasha, a crimson imp (summoned) and a hobgoblin.

Vanquished Creatures
  Natasha (twice) (D:2)
  Terence (D:2)
  2 adders (D:2)
  A worm (D:2)
  2 dart slugs (D:1)
  2 ball pythons (D:1)
  2 endoplasms
  4 giant cockroaches (D:1)
  4 goblins
  5 hobgoblins
  4 kobolds
  6 bats
  10 frilled lizards
  2 rats
47 creatures vanquished.

Notes
Turn   | Place    | Note
-------+----------+-------------------------------------------
     0 | D:1      | oldriver the Naga Venom Mage began the quest for the Orb.
     0 | D:1      | Reached XP level 1. HP: 15/15 MP: 3/3
    80 | D:1      | Reached XP level 2. HP: 12/24 MP: 5/5
   682 | D:1      | Found Pawuluuf's Assorted Antiques.
   814 | D:1      | Reached XP level 3. HP: 28/30 MP: 3/6
   820 | D:1      | Reached skill level 1 in Fighting
  1206 | D:1      | Bought a fizzy coppery potion for 22 gold pieces
  1237 | D:2      | Noticed Terence
  1270 | D:2      | Noticed Natasha
  1401 | D:2      | Killed Natasha
  1402 | D:2      | Reached XP level 4. HP: 24/38 MP: 2/7
  1503 | D:2      | Noticed Natasha
  1510 | D:2      | Killed Natasha
  1741 | D:2      | Learned a level 2 spell: Poisonous Vapours
  1848 | D:2      | Reached XP level 5. HP: 44/45 MP: 5/9
  2019 | D:2      | Found an opulent altar of Gozag.
  2215 | D:2      | Noticed Natasha
  2234 | D:2      | Killed Terence
  2234 | D:2      | Killed from afar by Natasha

Illustrated notes

Levels and vault maps discovered:
D:1:      amcnicky_arrival_underground_garden, layout_rooms, serial_shops,
          nicolae_shop_waterfront, minmay_lizard_pond
D:2:      layout_rooms, basic_altar, kennysheep_boxes, uniq_terence,
          uniq_natasha

Skill      XL: |  1  2  3 |
---------------+----------+-----
Fighting       | 1 |  1.9
Dodging        | 2 |  2.0
Stealth        | 4 |  4.5
Spellcasting   | |  2.8
Transmutations | |  1.0
Poison Magic   | |  4.9

Action                   |  1- 3 |  4- 6 || total
-------------------------+-------+-------++-------
Melee: Short sword       |    22 |     9 ||    31
 Cast: Sting             |    60 |    37 ||    97
  Use: Scroll            |     3 |       ||     3
Armor: Robe              |    16 |     4 ||    20
Dodge: Dodged            |    38 |    15 ||    53

Table legend: (Time is in decaauts)
 A = Elapsed time spent in this place.
 B = Non-inter-level travel time spent in this place.
 C = Inter-level travel time spent in this place.
 D = Time resting spent in this place.
 E = Time spent auto-exploring this place.
 F = Levels seen in this place.
 G = Mean time per level.
                   A        B        C        D        E       F      G
               +--------+--------+--------+--------+--------+-----+--------+
         Total |   2621 |   2527 |     94 |    552 |   1497 |   2 | 1310.5 |
       Dungeon |   2621 |   2527 |     94 |    552 |   1497 |   2 | 1310.5 |
               +--------+--------+--------+--------+--------+-----+--------+

Top non-repeatable levels by time:
     D:1: 1445 daAuts
     D:2: 1175 daAuts
